 Dungeon Crawl Stone Soup version 0.31.0-9-g3a7656b989 (webtiles) character file.

Game seed: 15858056766204388285

757 qw the Shooter (level 7, -7/37 HPs)
             Began as a Spriggan Hunter on Feb 2, 2024.
             Mangled by a hornet (14 damage)
             ... on level 5 of the Dungeon.
             The game lasted 00:00:16 (3326 turns).

qw the Shooter (Spriggan Hunter)                    Turns: 3326, Time: 00:00:16

Health: -7/37      AC:  4    Str:  6    XL:     7   Next: 50%
Magic:  8/8        EV: 21    Int: 14    God:
Gold:   173        SH:  0    Dex: 20    Spells: 6/6 levels left

rFire   . . .        a - +1 shortbow
rCold   . . .        (shield currently unavailable)
rNeg    . . .        c - +0 robe
rPois   .            (helmet restricted)
rElec   .            i - +1 cloak
rCorr   .            (gloves unavailable)
SInv    +            (boots unavailable)
Will    +....        (no amulet)
Stlth   ++           (no ring)
HPRegen 0.26/turn    (no ring)
MPRegen 0.11/turn

%: no passive effects
@: hasted and slowed, very quick
A: very small, no large weapons, unfitting armour, see invisible, speed 3,
clever 1
a: no special abilities


You were on level 5 of the Dungeon.
You visited 1 branch of the dungeon, and saw 5 of its levels.

You collected 173 gold pieces.


Innate Abilities, Weirdness & Mutations

You are very small and have problems with some larger weapons.
You are too small for most types of armour.
You have supernaturally acute eyesight. (SInv)
You cover ground extremely quickly. (Speed+++)
Your mind is acute. (Int +4, Str/Dex -1)


   Skills:
 - Level 3.7 Fighting
 - Level 7.2 Ranged Weapons
 + Level 6.1 Dodging
 - Level 1.5 Stealth


You had 6 spell levels left.
You didn't know any spells.
Your spell library was empty.

Inventory:

Hand Weapons
 a - a +1 shortbow (weapon)
Armour
 c - a +0 robe (worn)
 i - a +1 cloak (worn)
Potions
 d - a potion of enlightenment {unknown}
 e - a potion of invisibility {unknown}
 g - a potion of mutation
 h - a potion of might {unknown}
 j - a potion of curing {unknown}
 k - a potion of cancellation {unknown}

Dungeon Overview and Level Annotations

Branches:
Dungeon (5/15)             Temple (0/1) D:5

Altars:
Qazlal

Portals:
Sewer: D:5

Annotations:
D:4 1 runed translucent door, qw's ghost, novice DjHu


Message History

You shoot an arrow.
The white imp shouts, "Turn tail, thou froward ditch-delivered puttock!"
The arrow hits the scorpion!
The scorpion is severely wounded.
The scorpion misses you. The orc hits you with a +0 war axe.
The orc closely misses you.
The scorpion stings you but does no damage.
You shoot an arrow. The arrow hits the scorpion.
You kill the scorpion!
The orc completely misses you. The orc hits you with a +0 war axe!
Your Ranged Weapons skill increases to level 7!
You shoot an arrow. The arrow hits the orc.
The orc is heavily wounded.
The orc closely misses you. The orc hits you with a +0 dagger.
You shoot an arrow. The arrow closely misses the orc.
The orc closely misses you. The orc completely misses you.
A hornet comes into view.
3318 ||| DRINKING potion of haste.
You feel yourself speed up.
The hornet buzzes angrily.
The orc completely misses you. x2
You shoot an arrow. The arrow hits the orc!
You kill the orc!
The orc misses you.
You shoot an arrow. The arrow hits the orc.
The orc is almost dead.
You shoot an arrow. The arrow hits the orc!
You kill the orc!
You shoot an arrow. The arrow hits the white imp!
The white imp is severely wounded.
The white imp hits you but does no damage.
You shoot an arrow. The arrow hits the white imp.
The white imp is severely wounded.
You shoot an arrow. The arrow hits the white imp.
You kill the white imp!
The hornet misses you.
You shoot an arrow. The arrow closely misses the hornet.
The hornet stings you.
You feel yourself slow down.
You shoot an arrow. The arrow closely misses the hornet.
The hornet stings you!
You die...

.....)# #............
....).## #............
#.....)#####............
#######.................
#.....#...........
#....#####...#####
#....# #...#~~~#
##...#.> #y).#B~~#
#...#...#@..#B\~#
#...#.#.##).#~~~# #..##
. # #B#~~~# #..# >.
.##'## #..# ......
...... ..... ....


You could see a hornet, a bombardier beetle and 2 giant cockroaches.

Vanquished Creatures
  Sigmund (D:3)
  A phantom (D:4)
  2 scorpions
  A howler monkey (D:5)
  A bombardier beetle (D:3)
  2 iguanas (D:4)
  3 orc wizards
  2 adders (D:4)
  8 gnolls
  A white imp (D:5)
  2 ufetubi (D:4)
  A ribbon worm (D:2)
  2 dart slugs
  6 orcs
  14 ball pythons
  4 bats
  4 endoplasms
  3 giant cockroaches
  A hobgoblin (D:3)
  3 jackals (D:4)
  12 kobolds
  6 quokkas
  3 frilled lizards
  9 goblins
  5 rats
97 creatures vanquished.

Notes
Turn   | Place    | Note
-------+----------+-------------------------------------------
     0 | D:1      | qw the Spriggan Hunter began the quest for the Orb.
     0 | D:1      | Reached XP level 1. HP: 10/10 MP: 2/2
     0 | D:1      | 0 ||| qw: Version: 0.3-a-155-g5e7d8dd
     0 | D:1      | 0 ||| qw: Game counter: 1742
     0 | D:1      | 0 ||| qw: Melee chars always use a shield: true
     0 | D:1      | 0 ||| qw: God list: Okawaru
     0 | D:1      | 0 ||| qw: Allow faded altars: false
     0 | D:1      | 0 ||| qw: Do Orc after clearing Dungeon:15 true
     0 | D:1      | 0 ||| qw: Do second Lair branch before Depths: true
     0 | D:1      | 0 ||| qw: Lair rune preference: random
     0 | D:1      | 0 ||| qw: Goals: Normal
     0 | D:1      | 0 ||| PLANNING D:1-11
    95 | D:1      | Reached skill level 3 in Dodging
   146 | D:1      | Reached XP level 2. HP: 14/14 MP: 3/3
   592 | D:1      | Reached XP level 3. HP: 18/18 MP: 4/4
   715 | D:1      | 715 ||| READING scroll labelled RYW WYPSOFF.
   716 | D:1      | 716 ||| READING scroll labelled YXALAE KAOPPUV.
   716 | D:1      | 716 ||| IDENTIFYING black potion
   717 | D:1      | 717 ||| DROPPING scroll of butterflies.
   718 | D:1      | 718 ||| DROPPING potion of magic.
  1009 | D:2      | 1009 ||| RETREEEEATING.
  1011 | D:2      | 1011 ||| RETREEEEATING.
  1015 | D:2      | 1015 ||| RETREEEEATING.
  1018 | D:2      | Reached skill level 5 in Ranged Weapons
  1020 | D:2      | Reached XP level 4. HP: 22/22 MP: 5/5
  1315 | D:2      | 1315 ||| READING scroll of identify.
  1315 | D:2      | 1315 ||| IDENTIFYING metallic amethyst potion
  1316 | D:2      | 1316 ||| READING scroll labelled BITENO ZELEHAN.
  1316 | D:2      | 1316 ||| ENCHANTING +0 shortbow.
  1317 | D:2      | 1317 ||| READING scroll labelled VOUTEHUMED.
  1318 | D:2      | 1318 ||| READING scroll labelled GUXACW HUEFFAS.
  1319 | D:2      | 1319 ||| READING scroll labelled TYFOBLENIRI.
  1319 | D:2      | 1319 ||| ENCHANTING +0 shortbow.
  1320 | D:2      | 1320 ||| DRINKING 3 red potions.
  1321 | D:2      | 1321 ||| DROPPING potion of degeneration.
  1643 | D:3      | Found a faded altar of an unknown god.
  1866 | D:3      | Noticed Sigmund
  1875 | D:3      | Killed Sigmund
  1876 | D:3      | Reached skill level 3 in Fighting
  1876 | D:3      | Reached XP level 5. HP: 20/29 MP: 6/6
  1972 | D:3      | Reached XP level 6. HP: 33/33 MP: 7/7
  2279 | D:3      | 2279 ||| UPGRADING to +0 cloak.
  2284 | D:3      | 2284 ||| READING scroll labelled TOIXTU XIAN.
  2285 | D:3      | 2285 ||| READING scroll labelled GOSMUIBR HETE.
  2287 | D:3      | 2287 ||| Stepping ~*~*~tactically~*~*~ (cloud).
  2448 | D:4      | Found a runed translucent door.
  2449 | D:4      | Noticed qw's ghost (novice DjHu)
  2540 | D:4      | 2540 ||| READING scroll of enchant armour.
  2540 | D:4      | 2540 ||| ENCHANTING +0 cloak.
  2843 | D:4      | Found a stormy altar of Qazlal.
  2852 | D:4      | Reached skill level 6 in Ranged Weapons
  2964 | D:4      | 2964 ||| READING scroll of identify.
  2964 | D:4      | 2964 ||| IDENTIFYING coppery potion
  2965 | D:4      | 2965 ||| READING scroll labelled RENO SUUSA.
  2968 | D:4      | 2968 ||| READING scroll labelled BIAROSTADOHY.
  2969 | D:4      | 2969 ||| DRINKING 2 grey potions.
  2969 | D:4      | Gained mutation: Your mind is acute. (Int +4, Str/Dex -1)
                  | [potion of mutation]
  2979 | D:5      | Entered Level 5 of the Dungeon
  2980 | D:5      | 2980 ||| PLANNING SEWER
  2982 | D:5      | 2982 ||| STAIRDANCE
  2992 | D:4      | HP: 8/33 [iguana (4)]
  2993 | D:4      | 2993 ||| DRINKING 2 potions of heal wounds.
  3022 | D:5      | Reached XP level 7. HP: 37/37 MP: 8/8
  3030 | D:5      | 3030 ||| FLEEEEING.
  3038 | D:5      | 3038 ||| STAIRDANCE
  3059 | D:5      | 3059 ||| STAIRDANCE
  3067 | D:4      | Reached skill level 6 in Dodging
  3093 | D:5      | 3093 ||| STAIRDANCE
  3207 | D:5      | 3207 ||| FLEEEEING.
  3208 | D:5      | 3208 ||| FLEEEEING.
  3209 | D:5      | 3209 ||| FLEEEEING.
  3210 | D:5      | 3210 ||| STAIRDANCE
  3229 | D:5      | 3229 ||| STAIRDANCE
  3247 | D:5      | 3247 ||| STAIRDANCE
  3279 | D:5      | Found a staircase to the Ecumenical Temple.
  3285 | D:5      | Found a glowing drain.
  3309 | D:5      | HP: 9/37 [orc/+0 dagger (1)]
  3310 | D:5      | 3310 ||| DRINKING potion of heal wounds.
  3315 | D:5      | HP: 9/37 [orc/+0 war axe (9)]
  3316 | D:5      | Reached skill level 7 in Ranged Weapons
  3317 | D:5      | Noticed a hornet
  3318 | D:5      | 3318 ||| DRINKING potion of haste.
  3325 | D:5      | HP: 6/37 [hornet (2)]
  3326 | D:5      | Mangled by a hornet

Levels and vault maps discovered:
D:1:      amcnicky_arrival_gap_in_the_tavern_cellar, layout_loops_ring
D:2:      layout_loops_cross
D:3:      layout_basic, basic_ecumenical_altar, kennysheep_generic_room_6,
          uniq_sigmund
D:4:      layout_rooms, mainiacjoe_overflow_brackets, gammafunk_ghost_grave,
          chequers_jeans, serial_bayou_pond_d, minmay_liquid_box,
          minmay_misc_feat_pillars, minmay_misc_feat_alley,
          hangedman_decor_slide_cut
D:5:      layout_cave_pods, minmay_temple_entry_from_below_a,
          gup_sewer_entry_glass

Skill      XL: |  1  2  3  4  5  6  7 |
---------------+----------------------+-----
Dodging        | 3 4 5 6 |  6.1
Ranged Weapons | 5 6 7 |  7.2
Fighting       | 3 |  3.7
Stealth        | |  1.5

Action                     |  1- 3 |  4- 6 |  7- 9 || total
---------------------------+-------+-------+-------++-------
   Fire: Shortbow          |    80 |   124 |   101 ||   305
    Use: Scroll            |     2 |    11 |       ||    13
         Potion            |       |     3 |     2 ||     5
 Armour: Robe              |     4 |    20 |    46 ||    70
  Dodge: Dodged            |     5 |    50 |   124 ||   179

Table legend:
 A = Non-vault XP
 B = Vault XP
 C = Vault XP percentage of total XP
 D = Non-vault monster count
 E = Vault monster count
 F = Vault count percentage of total count
                 A         B        C        D         E       F
            +---------+---------+-------+---------+---------+-------
      Total |     845 |     237 |  21.9 |      93 |       4 |   4.1
            +---------+---------+-------+---------+---------+-------
        D:1 |      44 |       0 |   0.0 |      28 |       0 |   0.0
        D:2 |      83 |       0 |   0.0 |      19 |       0 |   0.0
        D:3 |      68 |     235 |  77.6 |      12 |       3 |  20.0
        D:4 |     423 |       0 |   0.0 |      23 |       0 |   0.0
        D:5 |     227 |       2 |   0.9 |      11 |       1 |   8.3
            +---------+---------+-------+---------+---------+-------
